[Event "Titled Tuesday Blitz May 10 Late 2022"]
[White "Peralta, Eduardo"]
[Black "Dimakiling, Oliver"]
[WhiteFideId "3700062"]
[BlackFideId "5202248"]
[WhiteElo "2125"]
[BlackElo "2426"]
[Result "1-0"]
[Round "08"]
[TimeControl "180+1"]
[Date "2022.05.10"]
[WhiteClock "0:01:35"]
[BlackClock "0:01:39"]

1. Nf3 Nf6 2. g3 g6 3. Bg2 Bg7 4. O-O O-O 5. c4 c5 6. Nc3 Nc6 7. d3 e5 8. Bg5 h6 9. Bxf6 Bxf6 10. a3 d6 11. Rb1 a5 12. Nd2 Be6 13. Nd5 Bg7 14. e3 h5 15. h4 Ne7 16. b4 axb4 17. axb4 Bxd5 18. cxd5 b6 19. bxc5 bxc5 20. Nc4 Nf5 21. Rb7 Bf6 22. Bh3 Bxh4 23. Bxf5 gxf5 24. Qxh5 Bg5 25. Kg2 Qf6 26. Rh1 Rfd8 27. f4 Ra2+ 28. Kf3 e4+ 29. dxe4 fxe4+ 30. Kxe4 Re8+ 31. Kf3 1-0


[Site "https://www.chess.com"]

[Event "Titled Tuesday Blitz May 10 Late 2022"]
[White "Pesotskiy, Mikhail"]
[Black "Gomez Ledo, Roberto Carlos"]
[WhiteFideId "34164453"]
[BlackFideId "3507076"]
[WhiteElo "2010"]
[BlackElo "2379"]
[Result "0-1"]
[Round "08"]
[TimeControl "180+1"]
[Date "2022.05.11"]
[WhiteClock "0:01:15"]
[BlackClock "0:00:24"]

1. d4 Nf6 2. c4 e6 3. Nc3 Bb4 4. Qc2 O-O 5. a3 Bxc3+ 6. Qxc3 d5 7. Bg5 dxc4 8. Qxc4 b6 9. b4 Nbd7 10. Nf3 Bb7 11. e3 c5 12. bxc5 bxc5 13. dxc5 Rc8 14. Be2 Rxc5 15. Qb4 Bxf3 16. Bxf3 Rxg5 17. O-O Qa5 18. Qd6 Rc5 19. Rfd1 Qc7 20. Qa6 g6 21. Rab1 Rb8 22. h3 Rxb1 23. Rxb1 Rc1+ 24. Rxc1 Qxc1+ 25. Kh2 Qc7+ 26. g3 Ne5 27. Bg2 Kg7 28. a4 Qc2 29. f4 Nf3+ 30. Kh1 Qf2 31. Qf1 Qxf1+ 32. Bxf1 Nd2 33. Ba6 Nd5 34. e4 Nxe4 0-1


[Site "https://www.chess.com"]

[Event "Titled Tuesday Blitz May 10 Late 2022"]
[White "Petrovskyi, Vadym"]
[Black "Bortnyk, Olexandr"]
[WhiteFideId "14165210"]
[BlackFideId "14120828"]
[WhiteElo "2400"]
[BlackElo "2723"]
[Result "0-1"]
[Round "08"]
[TimeControl "180+1"]
[Date "2022.05.10"]
[WhiteClock "0:00:08"]
[BlackClock "0:00:09"]

1. e4 d6 2. d4 Nf6 3. Nc3 Nbd7 4. Nf3 e5 5. Bc4 Be7 6. O-O c6 7. a4 h6 8. dxe5 dxe5 9. Qe2 Qc7 10. Nh4 Nc5 11. Nf5 Bxf5 12. exf5 a5 13. f4 e4 14. Be3 O-O 15. g4 Rad8 16. Rad1 Rxd1 17. Rxd1 Rd8 18. g5 Rxd1+ 19. Qxd1 hxg5 20. fxg5 Nfd7 21. g6 Ne5 22. gxf7+ Kf8 23. Ba2 Nf3+ 24. Kf1 Qxh2 25. f6 gxf6 26. Bxc5 Nd2+ 27. Ke1 Nf3+ 28. Kf1 Qh1+ 29. Ke2 Qg2+ 30. Bf2 e3 31. Ne4 exf2 32. Nxf2 Ng1+ 33. Ke1 Nf3+ 34. Ke2 Ne5 35. Qd2 Qf3+ 36. Ke1 Nxf7 37. Qxa5 Qe3+ 38. Kf1 Bc5 39. Nd3 Qf3+ 40. Ke1 Qg3+ 41. Kd2 Qg5+ 42. Kd1 Qh5+ 43. Ke1 Bf2+ 44. Kxf2 Qxa5 45. Ke2 Qxa4 46. Bb3 Qe4+ 47. Kd2 Ne5 48. Nc5 Qd4+ 49. Nd3 Nxd3 50. cxd3 Qxb2+ 51. Bc2 f5 52. d4 Qxd4+ 53. Ke2 f4 54. Kf3 Qe3+ 55. Kg4 f3 0-1


[Site "https://www.chess.com"]

[Event "Titled Tuesday Blitz May 10 Late 2022"]
[White "Postny, Evgeny"]
[Black "Diaz, Fernando"]
[WhiteFideId "2804344"]
[BlackFideId "3701255"]
[WhiteElo "2500"]
[BlackElo "1934"]
[Result "1-0"]
[Round "08"]
[TimeControl "180+1"]
[Date "2022.05.11"]
[WhiteClock "0:00:01"]
[BlackClock "0:00:12"]

1. e4 e6 2. d4 d5 3. Nd2 Nf6 4. e5 Nfd7 5. c3 c5 6. f4 Nc6 7. Ndf3 cxd4 8. cxd4 Qa5+ 9. Kf2 f6 10. h4 Be7 11. Nh3 b6 12. a3 b5 13. Bd3 Qb6 14. Be3 b4 15. Qe2 a5 16. exf6 gxf6 17. f5 e5 18. dxe5 Bc5 19. exf6 O-O 20. Rhc1 Bxe3+ 21. Qxe3 Qxe3+ 22. Kxe3 Nde5 23. Nxe5 Nxe5 24. axb4 Nxd3 25. Kxd3 Bxf5+ 26. Kd4 Be4 27. bxa5 Rxf6 28. b4 Rb8 29. a6 Rxb4+ 30. Ke5 Rf5+ 31. Kd6 d4 32. Rc8+ Kf7 33. Rc7+ Kg6 34. a7 Rb6+ 35. Ke7 Rf7+ 36. Ke8 Rxc7 37. Nf4+ Kf5 38. Nd3 Bxd3 39. a8=Q Bb5+ 40. Kd8 Rd7+ 41. Kc8 1-0


[Site "https://www.chess.com"]

[Event "Titled Tuesday Blitz May 10 Late 2022"]
[White "Pranav, V"]
[Black "Kruckenhauser, Arthur"]
[WhiteFideId "25060783"]
[BlackFideId "1642812"]
[WhiteElo "2349"]
[BlackElo "2243"]
[Result "1-0"]
[Round "08"]
[TimeControl "180+1"]
[Date "2022.05.10"]
[WhiteClock "0:01:35"]
[BlackClock "0:00:58"]

1. e4 e5 2. Nf3 Nc6 3. Nc3 Nf6 4. Bb5 Nd4 5. Bc4 Bc5 6. d3 d6 7. h3 c6 8. O-O h6 9. Nxd4 Bxd4 10. Be3 Bb6 11. Qf3 O-O 12. Bb3 Be6 13. Rad1 Bxb3 14. axb3 Qe7 15. Ne2 Kh7 16. Ng3 g6 17. c3 Nd7 18. d4 Rae8 19. Rfe1 Qe6 20. b4 Qb3 21. Qe2 exd4 22. Bxd4 Bxd4 23. Rxd4 d5 24. Qd2 Nb6 25. Re2 Nc4 26. Qc1 Nb6 27. e5 f5 28. Rh4 f4 29. Rxf4 Rxf4 30. Qxf4 Qd1+ 31. Kh2 Re7 32. Qf6 Rg7 33. e6 1-0


[Site "https://www.chess.com"]

[Event "Titled Tuesday Blitz May 10 Late 2022"]
[White "Remolar Gallen, Jose"]
[Black "Karttunen, Mika"]
[WhiteFideId "2215187"]
[BlackFideId "502081"]
[WhiteElo "2205"]
[BlackElo "2343"]
[Result "0-1"]
[Round "08"]
[TimeControl "180+1"]
[Date "2022.05.11"]
[WhiteClock "0:00:01"]
[BlackClock "0:00:24"]

1. e4 c5 2. Nf3 d6 3. d4 cxd4 4. Nxd4 Nf6 5. Nc3 a6 6. Bg5 e6 7. f4 Qb6 8. Qd2 Qxb2 9. Rb1 Qa3 10. Bc4 Qc5 11. Bb3 Nc6 12. Nxc6 bxc6 13. e5 dxe5 14. Ne4 Qb4 15. Nxf6+ gxf6 16. Bxf6 Qxd2+ 17. Kxd2 Rg8 18. fxe5 Rxg2+ 19. Kc3 Be7 20. Ba4 Bd7 21. Rhg1 Bxf6 22. exf6 Rg6 23. Rxg6 hxg6 24. Kd4 Kd8 25. Kc5 Kc7 26. Rb6 Rh8 27. Rxa6 Rh5+ 28. Kb4 Kb7 29. Ra5 Rxh2 30. Rc5 Rf2 31. Rc3 Rxf6 32. Kc5 Kc7 33. Ra3 Rf5+ 34. Kd4 Rf4+ 35. Ke3 g5 36. Bb3 f5 37. Ra8 Re4+ 38. Kd3 Rh4 39. Rg8 g4 40. Ke3 Rh3+ 41. Kf4 Kd6 42. Rg6 Rf3+ 43. Kg5 g3 44. Kh4 f4 45. Bc4 Rf2 46. Bd3 Kd5 47. Rg5+ e5 0-1


[Site "https://www.chess.com"]

[Event "Titled Tuesday Blitz May 10 Late 2022"]
[White "RestartingChess"]
[Black "Lashkin, Jegor"]
[BlackFideId "13907808"]
[WhiteElo "2515"]
[BlackElo "2368"]
[Result "0-1"]
[Round "08"]
[TimeControl "180+1"]
[Date "2022.05.10"]
[WhiteClock "0:00:31"]
[BlackClock "0:00:34"]

1. e4 c5 2. Nf3 d6 3. Bb5+ Nd7 4. c4 Nf6 5. Nc3 a6 6. Bxd7+ Bxd7 7. d3 g6 8. h3 Bg7 9. O-O O-O 10. Be3 b5 11. b3 Bc6 12. Rc1 e6 13. Bg5 h6 14. Bh4 Qb6 15. Qd2 b4 16. Ne2 Nd7 17. Be7 Rfe8 18. Bxd6 e5 19. d4 exd4 20. Ng3 Bb7 21. Bf4 g5 22. Bxg5 hxg5 23. Qxg5 Qg6 24. Qf4 Bh6 25. Qc7 Qc6 26. Qxc6 Bxc6 27. Rce1 Bf4 28. Nh5 Bh6 29. Ng3 Nf6 30. Nf5 Kh7 31. Nd6 Re7 32. Nh4 Nxe4 33. f3 Nxd6 34. Rxe7 Bg5 35. Rc7 Be8 36. g3 d3 37. Ng2 Bd8 38. Rxc5 Bb6 39. Rd1 Bxc5+ 40. Kh2 Bc6 41. Rxd3 Rd8 42. Nf4 Nb7 43. Rxd8 Nxd8 44. Nd3 Be7 45. f4 Be4 46. Ne5 Bb1 47. Nf3 Bxa2 48. Nd2 Nc6 49. Kg2 Nd4 50. Kf2 Nxb3 51. Ne4 Nc5 52. Nd2 b3 53. Ke3 b2 54. Kd4 Nb3+ 55. Kc3 Bf6+ 56. Kc2 Nxd2 57. Kxd2 b1=Q 0-1


[Site "https://www.chess.com"]

[Event "Titled Tuesday Blitz May 10 Late 2022"]
[White "Riehle, Marco"]
[Black "Hakobyan, Aram"]
[WhiteFideId "12904392"]
[BlackFideId "13306677"]
[WhiteElo "2462"]
[BlackElo "2557"]
[Result "0-1"]
[Round "08"]
[TimeControl "180+1"]
[Date "2022.05.10"]
[WhiteClock "0:00:29"]
[BlackClock "0:00:08"]

1. e4 c5 2. a3 g6 3. h4 h5 4. Nc3 Bg7 5. Bc4 Nc6 6. d3 e6 7. Bg5 Nge7 8. Qd2 f6 9. Bf4 d5 10. Ba2 d4 11. Nce2 e5 12. Bg3 Bh6 13. f4 Bg4 14. Nf3 Qc7 15. O-O-O O-O-O 16. Kb1 Kb8 17. Rhf1 Ka8 18. Rf2 Rhf8 19. Rdf1 f5 20. Ng5 Bxg5 21. hxg5 fxe4 22. dxe4 Qd7 23. fxe5 Rxf2 24. Rxf2 h4 25. Bh2 Be6 26. Rf6 Bxa2+ 27. Kxa2 Qg4 28. Nc1 Qxe4 29. Qe2 Qd5+ 30. b3 a6 31. Rd6 Rxd6 32. exd6 Nf5 33. Qe8+ Ka7 34. d7 Qxg2 35. Bb8+ Nxb8 36. d8=Q Qxc2+ 37. Ka1 Qxc1+ 38. Ka2 Qc2+ 39. Ka1 Qc1+ 40. Ka2 Qf4 41. Qd5 Qd2+ 42. Ka1 Qc3+ 43. Ka2 Qc2+ 44. Ka1 Qc3+ 45. Kb1 Ne3 46. Qdg8 Qd3+ 47. Ka2 Qd2+ 48. Kb1 Qd1+ 49. Ka2 Qe2+ 50. Kb1 Qf1+ 51. Ka2 Qf2+ 52. Kb1 Qg1+ 53. Ka2 Qh2+ 54. Kb1 Nd1 55. Qexg6 Qb2# 0-1


[Site "https://www.chess.com"]

[Event "Titled Tuesday Blitz May 10 Late 2022"]
[White "Romero Ruscalleda, Josep"]
[Black "Jeet, Jain"]
[WhiteFideId "2231859"]
[BlackFideId "5073022"]
[WhiteElo "2319"]
[BlackElo "2028"]
[Result "0-1"]
[Round "08"]
[TimeControl "180+1"]
[Date "2022.05.11"]
[WhiteClock "0:00:10"]
[BlackClock "0:01:35"]

1. e4 g6 2. d4 Bg7 3. Nc3 a6 4. a4 d6 5. Be2 Nd7 6. Be3 e5 7. Nf3 Ngf6 8. O-O O-O 9. h3 Re8 10. dxe5 dxe5 11. Bc4 h6 12. Bb3 Qe7 13. Qd2 g5 14. Rad1 Nc5 15. Bxc5 Qxc5 16. Nh2 Be6 17. Bxe6 Rxe6 18. Ng4 Nh5 19. Qd5 Qb6 20. a5 Qxb2 21. Na4 Qxc2 22. Qxb7 Rae8 23. Rc1 Qxa4 24. Rxc7 Rf8 25. Rd1 Qxd1+ 0-1


[Site "https://www.chess.com"]

[Event "Titled Tuesday Blitz May 10 Late 2022"]
[White "Rosenberg, Evan S"]
[Black "Kanyamarala, Tarun"]
[WhiteFideId "2019299"]
[BlackFideId "45004714"]
[WhiteElo "2377"]
[BlackElo "2219"]
[Result "0-1"]
[Round "08"]
[TimeControl "180+1"]
[Date "2022.05.11"]
[WhiteClock "0:00:57"]
[BlackClock "0:01:17"]

1. d4 d6 2. e4 e5 3. dxe5 dxe5 4. Qxd8+ Kxd8 5. f4 exf4 6. Nc3 Bd6 7. Nf3 f6 8. Bc4 Nc6 9. O-O Ne5 10. Bxg8 Rxg8 11. Nd5 Bg4 12. Bxf4 Bxf3 13. gxf3 c6 14. Bxe5 Bxe5 15. Ne3 Kc7 16. c3 Rad8 17. f4 Bd6 18. Nf5 Bc5+ 19. Kg2 Rd2+ 20. Kg3 Rxb2 21. a4 g6 22. Nd4 Re8 23. Rfe1 Bxd4 24. cxd4 Rd2 25. e5 Rd3+ 26. Kg4 f5+ 27. Kg5 Rxd4 28. a5 Re6 0-1


[Site "https://www.chess.com"]

[Event "Titled Tuesday Blitz May 10 Late 2022"]
[White "Rustemov, Alexander"]
[Black "Srinath, Rao S.V."]
[WhiteFideId "4119002"]
[BlackFideId "5028876"]
[WhiteElo "2746"]
[BlackElo "2181"]
[Result "1-0"]
[Round "08"]
[TimeControl "180+1"]
[Date "2022.05.10"]
[WhiteClock "0:01:03"]
[BlackClock "0:00:13"]

1. d4 Nf6 2. c4 g6 3. Nf3 Bg7 4. g3 O-O 5. Bg2 d6 6. Nc3 Nbd7 7. O-O e5 8. e4 exd4 9. Nxd4 Ng4 10. h3 Nge5 11. b3 Nc5 12. Be3 a5 13. Rb1 c6 14. f4 Ned7 15. Nde2 Qe7 16. Bd4 h5 17. Bxg7 Kxg7 18. Qd4+ Qf6 19. Rfd1 Re8 20. Qxd6 Qxd6 21. Rxd6 Nf6 22. e5 Ng8 23. Rbd1 Bf5 24. Nd4 Ne7 25. a3 Bc8 26. b4 axb4 27. axb4 Ne6 28. Ne4 Nxd4 29. R6xd4 Nf5 30. R4d3 Be6 31. c5 Ra4 32. g4 hxg4 33. hxg4 Nh4 34. Nf6 Rf8 35. Be4 Rxb4 36. Kf2 Bxg4 37. Rh1 Rh8 38. Kg3 Nf5+ 39. Kxg4 Rxh1 40. Bxh1 Nh6+ 41. Kg5 Rb1 42. Ne8+ Kh7 43. Rh3 Rg1+ 44. Kf6 1-0


[Site "https://www.chess.com"]

[Event "Titled Tuesday Blitz May 10 Late 2022"]
[White "Sabar, Ethmane Daouda"]
[Black "Vusatiuk, Vladimir"]
[WhiteFideId "19600097"]
[BlackFideId "14118610"]
[WhiteElo "1950"]
[BlackElo "2157"]
[Result "0-1"]
[Round "08"]
[TimeControl "180+1"]
[Date "2022.05.11"]
[WhiteClock "0:00:09"]
[BlackClock "0:00:53"]

1. Nf3 Nf6 2. g3 g6 3. Bg2 Bg7 4. O-O O-O 5. d3 d5 6. Nbd2 c5 7. e4 e6 8. c3 Nc6 9. Re1 a5 10. e5 Nd7 11. d4 cxd4 12. cxd4 f6 13. exf6 Qxf6 14. Nb3 a4 15. Bg5 Qf5 16. Nc5 Nxc5 17. dxc5 a3 18. bxa3 Bxa1 19. Qxa1 e5 20. Bh6 Re8 21. Nh4 Qf7 22. Qd1 Be6 23. Nf3 Bg4 24. Qb3 Bxf3 25. Bxf3 Nd4 26. Bxd5 Nxb3 27. Bxf7+ Kxf7 28. axb3 Rxa3 29. b4 e4 30. Rb1 Rea8 31. Kg2 Ke6 32. Rd1 Rd3 33. Re1 Kd5 34. Be3 Ra2 35. Kh3 Rb2 36. Kg4 Rxb4 37. f3 exf3+ 38. Kxf3 Rbb3 39. Kf4 Rxe3 40. Rxe3 Rxe3 41. Kxe3 Kxc5 0-1


[Site "https://www.chess.com"]

[Event "Titled Tuesday Blitz May 10 Late 2022"]
[White "Sadhwani, Raunak"]
[Black "Hansen, Eric"]
[WhiteFideId "35093487"]
[BlackFideId "2606771"]
[WhiteElo "2616"]
[BlackElo "2568"]
[Result "0-1"]
[Round "08"]
[TimeControl "180+1"]
[Date "2022.05.10"]
[WhiteClock "0:00:01"]
[BlackClock "0:00:03"]

1. d4 Nf6 2. Nf3 b6 3. g3 Bb7 4. Bg2 g6 5. c4 Bg7 6. O-O O-O 7. Nc3 Ne4 8. Nb1 Qc8 9. Qc2 e6 10. Rd1 d5 11. cxd5 exd5 12. Nc3 Re8 13. Bf4 Nxc3 14. bxc3 c5 15. dxc5 Qxc5 16. Nd4 Nc6 17. Nb3 Qxc3 18. Qxc3 Bxc3 19. Rac1 d4 20. e3 Rac8 21. exd4 Bb2 22. Rc2 Ba3 23. d5 Nb4 24. Rcd2 Rcd8 25. d6 Bxg2 26. Kxg2 Rd7 27. Nd4 Nd5 28. Bh6 Bb4 29. Rd3 Nc3 30. R1d2 Ne4 31. Re2 Nxd6 32. Rxe8+ Nxe8 33. Re3 Ng7 34. Nf3 Bc5 35. Re4 f6 36. Be3 Bf8 37. Rc4 Kf7 38. a4 Nf5 39. Bf4 Bc5 40. g4 Nd4 41. h4 Ne6 42. Bg3 h6 43. g5 hxg5 44. hxg5 Nxg5 45. Nxg5+ fxg5 46. a5 Rd5 47. a6 Rd2 48. Re4 Ra2 49. Rg4 Kf6 50. Re4 Rxa6 51. Re8 b5 52. Kf3 Bd6 53. Kg4 Ra4+ 54. Kh3 Bxg3 55. Kxg3 Ra6 56. Ra8 b4 57. Rb8 Rb6 0-1


[Site "https://www.chess.com"]

[Event "Titled Tuesday Blitz May 10 Late 2022"]
[White "Sanchez Alvares, Kelvin Antonio"]
[Black "Ardila, Oscar Humberto"]
[WhiteFideId "3906680"]
[BlackFideId "4404742"]
[WhiteElo "2193"]
[BlackElo "1928"]
[Result "1/2-1/2"]
[Round "08"]
[TimeControl "180+1"]
[Date "2022.05.11"]
[WhiteClock "0:01:06"]
[BlackClock "0:00:15"]

1. d4 Nf6 2. c4 e6 3. Nf3 Bb4+ 4. Bd2 Qe7 5. a3 Bxd2+ 6. Qxd2 O-O 7. Nc3 d6 8. b4 a5 9. bxa5 Nc6 10. a6 Rxa6 11. e3 Ra8 12. Be2 e5 13. Nd5 Nxd5 14. cxd5 Na5 15. Qc2 e4 16. Nd2 Bf5 17. O-O Bg6 18. Rfc1 Rfc8 19. Nb3 b6 20. Bb5 Nxb3 21. Qxb3 Ra5 22. a4 h5 23. Rc3 f5 24. Rac1 Kh7 25. Rc6 Ra7 26. Rxb6 Rf8 27. Rbc6 f4 28. exf4 Rxf4 29. Qe3 Rf7 30. f3 exf3 31. Qxe7 Rxe7 32. gxf3 Kh6 33. Kf2 Kg5 34. Rg1+ Kf6 35. h4 Bf5 36. Re1 Rxe1 37. Kxe1 g5 38. hxg5+ Kxg5 39. Kf2 Kf4 40. Rc1 h4 41. Bc6 Ra6 42. Bb5 Ra7 43. Rh1 h3 44. Rg1 Ra8 45. Bc6 Rb8 46. Bb5 Ra8 47. Rg7 Rh8 48. Rg1 Ra8 1/2-1/2


[Site "https://www.chess.com"]

[Event "Titled Tuesday Blitz May 10 Late 2022"]
[White "Sernecki, Franciszek"]
[Black "Gaisinsky, Adam"]
[WhiteFideId "1169297"]
[BlackFideId "2620561"]
[WhiteElo "2189"]
[BlackElo "1965"]
[Result "1-0"]
[Round "08"]
[TimeControl "180+1"]
[Date "2022.05.11"]
[WhiteClock "0:00:04"]
[BlackClock "0:00:05"]

1. d4 Nf6 2. c4 e6 3. Nf3 d5 4. Nc3 c6 5. Bg5 dxc4 6. e4 b5 7. e5 h6 8. Bh4 g5 9. Nxg5 hxg5 10. Bxg5 Be7 11. exf6 Bxf6 12. Bxf6 Qxf6 13. g3 Bb7 14. Bg2 a6 15. a4 b4 16. Ne4 Qe7 17. Nc5 a5 18. Rc1 Na6 19. Nxb7 Qxb7 20. Rxc4 Rc8 21. Qc1 Nb8 22. O-O Qd7 23. Qg5 Qd8 24. Qe5 Rg8 25. Rfc1 Rg5 26. Qh8+ Kd7 27. Qxd8+ Kxd8 28. Bxc6 Nxc6 29. Rxc6 Rxc6 30. Rxc6 Rd5 31. Rc4 e5 32. Rc5 Rxd4 33. Rxe5 b3 34. Rxa5 Rd2 35. Rb5 Rxb2 36. h4 Ke7 37. Kg2 Kf8 38. a5 Kg7 39. Kf3 Rb1 40. a6 b2 41. a7 Ra1 42. Rxb2 Rxa7 43. Rb3 Ra6 44. Kg4 Ra4+ 45. Kh3 Ra2 46. f3 Ra4 47. g4 Ra1 48. Kg3 Rh1 49. h5 Ra1 50. Rb4 Rh1 51. Kf4 Rf1 52. Rb3 Rc1 53. Kg3 Rg1+ 54. Kf2 Rc1 55. f4 Rh1 56. Kg3 Rg1+ 57. Kh4 Kh6 58. g5+ Kg7 59. h6+ Kh7 60. Rg3 Rf1 61. Kg4 Kg6 62. Rg2 Rh1 63. f5+ Kh7 64. Rg3 Ra1 65. Kh5 Ra5 66. Rf3 Rb5 67. Rf4 Rc5 68. Kg4 Rc1 69. Ra4 Rg1+ 70. Kf4 Rf1+ 71. Ke5 Re1+ 72. Kf6 Rf1 73. Ra5 Rg1 74. Ra7 Kg8 75. Rxf7 Ra1 76. Rg7+ Kh8 77. Re7 Ra6+ 78. Re6 Ra7 79. g6 Kg8 80. Re8# 1-0


[Site "https://www.chess.com"]

[Event "Titled Tuesday Blitz May 10 Late 2022"]
[White "Sharbaf, Mohsen"]
[Black "Shapiro, Daniel"]
[WhiteFideId "12501808"]
[BlackFideId "2001780"]
[WhiteElo "2187"]
[BlackElo "2321"]
[Result "1-0"]
[Round "08"]
[TimeControl "180+1"]
[Date "2022.05.11"]
[WhiteClock "0:01:31"]
[BlackClock "0:00:11"]

1. c4 e5 2. g3 Nf6 3. Bg2 d5 4. cxd5 Nxd5 5. Nc3 Nb6 6. Nf3 Nc6 7. O-O Be7 8. a4 a6 9. a5 Nd7 10. d4 exd4 11. Nxd4 Nxd4 12. Qxd4 O-O 13. Rd1 Nc5 14. Qc4 Be6 15. Rxd8 Bxc4 16. Rxa8 Rxa8 17. Bf4 c6 18. Rd1 Rd8 19. Rxd8+ Bxd8 20. b4 Ne6 21. Bd6 Nd4 22. e3 Nf5 23. Bc5 f6 24. Bh3 Be6 25. Ne4 Kf7 26. Bxf5 Bxf5 27. Nd6+ Ke6 28. Nxb7 Bc7 29. Bb6 Bb8 30. Nc5+ Kd5 31. Nxa6 Be5 32. Bc5 Kc4 33. f4 Kb5 34. fxe5 Kxa6 35. exf6 gxf6 36. Kf2 Be4 37. g4 f5 38. g5 Bd3 39. Kg3 Kb7 40. Kf4 Kc8 41. Ke5 Kd7 42. Kf6 Ke8 43. h4 Kd7 44. h5 Ke8 45. h6 f4 46. exf4 Be4 47. f5 1-0


[Site "https://www.chess.com"]

[Event "Titled Tuesday Blitz May 10 Late 2022"]
[White "Skliarov, Viktor"]
[Black "Prohorov, Olexandr"]
[WhiteFideId "14106736"]
[BlackFideId "14105578"]
[WhiteElo "2229"]
[BlackElo "1993"]
[Result "1-0"]
[Round "08"]
[TimeControl "180+1"]
[Date "2022.05.11"]
[WhiteClock "0:00:02"]
[BlackClock "0:00:01"]

1. e4 c5 2. Nf3 Nc6 3. Bb5 d6 4. d4 cxd4 5. Qxd4 Bd7 6. Bxc6 Bxc6 7. Nc3 e6 8. O-O Nf6 9. Bg5 Be7 10. Rad1 h6 11. Bh4 O-O 12. Rfe1 Qa5 13. e5 dxe5 14. Nxe5 Rfd8 15. Nxc6 bxc6 16. Qc4 Qb6 17. b3 Rxd1 18. Rxd1 Rd8 19. Rxd8+ Bxd8 20. h3 Be7 21. Bg3 Nd5 22. Na4 Qb5 23. Qe4 Nf6 24. Qe5 Qd5 25. c4 Qd2 26. Qb8+ Bf8 27. c5 Ne4 28. Qxa7 Qe1+ 29. Kh2 Nd2 30. h4 Nf1+ 31. Kh3 Qe4 32. Bd6 Qf5+ 33. g4 Qf3+ 34. Bg3 f5 35. gxf5 exf5 36. Qd7 f4 37. Qe6+ Kh8 38. Qf7 1-0


[Site "https://www.chess.com"]

[Event "Titled Tuesday Blitz May 10 Late 2022"]
[White "Souleidis, Georgios"]
[Black "Demchenko, Anton"]
[WhiteFideId "4206827"]
[BlackFideId "4160258"]
[WhiteElo "2401"]
[BlackElo "2539"]
[Result "0-1"]
[Round "08"]
[TimeControl "180+1"]
[Date "2022.05.10"]
[WhiteClock "0:00:01"]
[BlackClock "0:00:30"]

1. e4 c5 2. Be2 e6 3. d3 d5 4. f4 Nc6 5. Nf3 Bd6 6. O-O f6 7. c3 Nge7 8. a3 O-O 9. b4 b6 10. g3 Bb7 11. Be3 d4 12. cxd4 cxb4 13. Qb3 Qd7 14. f5 Nd8 15. axb4 Kh8 16. fxe6 Nxe6 17. d5 Nc7 18. Nbd2 Qh3 19. Rf2 Rfe8 20. Nc4 Nb5 21. Nxd6 Nxd6 22. Nd4 Nxd5 23. Bf1 Qd7 24. Bd2 Nc7 25. Bc3 Ncb5 26. Nxb5 Nxb5 27. Bb2 Rad8 28. Rd1 Nd4 29. Qa2 Qg4 30. Qa1 Nf3+ 31. Kg2 Bxe4 32. dxe4 Rxd1 33. Qxd1 Nh4+ 0-1


[Site "https://www.chess.com"]

[Event "Titled Tuesday Blitz May 10 Late 2022"]
[White "Suleymanli, Aydin"]
[Black "Leiva, Gianmarco"]
[WhiteFideId "13413937"]
[BlackFideId "3804399"]
[WhiteElo "2481"]
[BlackElo "2323"]
[Result "1-0"]
[Round "08"]
[TimeControl "180+1"]
[Date "2022.05.10"]
[WhiteClock "0:00:13"]
[BlackClock "0:00:07"]

1. e4 c6 2. Bc4 d5 3. Bb3 g6 4. Nc3 dxe4 5. Nxe4 Bg7 6. Nf3 Nf6 7. Nxf6+ Bxf6 8. d4 O-O 9. c3 c5 10. dxc5 Qc7 11. Bh6 Rd8 12. Qe2 Qxc5 13. O-O Nc6 14. h3 Bf5 15. Rfd1 Na5 16. Be3 Qc7 17. Bd4 Nxb3 18. axb3 Kg7 19. Bxf6+ exf6 20. Nd4 Bd7 21. b4 Qe5 22. Qf1 a6 23. Re1 Qh5 24. Re7 Bb5 25. Qe1 Rd5 26. Ne6+ Kg8 27. Nf4 Re5 28. Nxh5 Rxe1+ 29. Raxe1 gxh5 30. Rxb7 Kg7 31. b3 Bd3 32. Rd7 Bc2 33. b5 axb5 34. c4 b4 35. c5 Bxb3 36. Rb7 Ra4 37. Re4 Bd5 38. Rexb4 Ra1+ 39. Kh2 Bxb7 40. Rxb7 Rc1 41. Rc7 h4 42. Rc8 Rc2 43. f4 f5 44. c6 Rc4 45. c7 Rc1 46. g4 Rc2+ 47. Kg1 fxg4 48. hxg4 h3 49. g5 Rg2+ 50. Kh1 Rc2 51. f5 h6 52. f6+ Kh7 53. g6+ Kxg6 54. Rg8+ Kxf6 55. c8=Q Rxc8 56. Rxc8 Kg7 57. Kh2 h5 58. Rc4 Kh6 59. Kxh3 Kg5 60. Rc5+ f5 61. Kg3 h4+ 62. Kh3 Kf4 63. Kxh4 Ke3 64. Rxf5 1-0


[Site "https://www.chess.com"]

[Event "Titled Tuesday Blitz May 10 Late 2022"]
[White "Terry, Renato"]
[Black "Erdogdu, Mert"]
[WhiteFideId "3803457"]
[BlackFideId "6301495"]
[WhiteElo "2577"]
[BlackElo "2451"]
[Result "0-1"]
[Round "08"]
[TimeControl "180+1"]
[Date "2022.05.10"]
[WhiteClock "0:00:02"]
[BlackClock "0:00:39"]

1. d4 d5 2. Nf3 e6 3. c4 c5 4. dxc5 Bxc5 5. e3 Nf6 6. a3 a5 7. Nc3 O-O 8. Be2 Nc6 9. O-O d4 10. exd4 Nxd4 11. Nxd4 Bxd4 12. Nb5 Bc5 13. Bf4 Bd7 14. Bf3 Bc6 15. Qe2 Qe7 16. Rfd1 Rfd8 17. h3 h6 18. Be5 Rac8 19. g3 Nh7 20. Bxc6 bxc6 21. Nc3 f6 22. Bf4 e5 23. Be3 Ng5 24. Bxc5 Qxc5 25. Ne4 Nxe4 26. Qxe4 Rb8 27. b4 axb4 28. axb4 Qxb4 29. Qxc6 Qe7 30. Rxd8+ Rxd8 31. c5 Qd7 32. Qg2 Rc8 33. Rc1 Qc6 34. Qf1 Qd5 35. Qb5 Rc6 36. h4 h5 37. Qb4 Kh7 38. Qc3 Kg6 39. Kh2 Kf7 40. Qe3 Ke6 41. Rc2 g6 42. Qa3 Qe4 43. Qb3+ Qd5 44. Qb8 Kf5 45. Qb5 e4 46. Qb4 g5 47. hxg5 fxg5 48. Qb7 h4 49. Qh7+ Kg4 50. Re2 Re6 51. gxh4 Qe5+ 52. Kg2 gxh4 53. Qg7+ Qxg7 0-1


[Site "https://www.chess.com"]

[Event "Titled Tuesday Blitz May 10 Late 2022"]
[White "Tomaszewski, Kacper"]
[Black "Lewtak, Damian"]
[WhiteFideId "1127373"]
[BlackFideId "1141724"]
[WhiteElo "2153"]
[BlackElo "2362"]
[Result "0-1"]
[Round "08"]
[TimeControl "180+1"]
[Date "2022.05.11"]
[WhiteClock "0:00:19"]
[BlackClock "0:01:16"]

1. d4 d6 2. Nf3 g6 3. c4 Bg7 4. Nc3 e5 5. e4 exd4 6. Nxd4 Ne7 7. Be2 Nbc6 8. Be3 O-O 9. O-O f5 10. exf5 Bxd4 11. Bxd4 Nxf5 12. Be3 Nxe3 13. fxe3 Rxf1+ 14. Qxf1 Ne5 15. c5 dxc5 16. Rd1 Qe7 17. Nd5 Qf7 18. Qxf7+ Kxf7 19. Nxc7 Rb8 20. Rd5 Nd7 21. Bc4 Ke7 22. Bb5 a6 23. Bxd7 Bxd7 24. Rxc5 Kd6 25. b4 Bc6 26. Nxa6 bxa6 27. a3 Rb5 28. Rc3 a5 29. bxa5 Rb1+ 30. Kf2 Rb2+ 31. Kg3 Rxg2+ 32. Kh3 Rg1 33. Kh4 Be8 34. Rd3+ Kc7 35. Rc3+ Kd6 36. Rd3+ Kc6 37. Rc3+ Kb5 38. e4 g5+ 39. Kh3 Bd7# 0-1


[Site "https://www.chess.com"]

[Event "Titled Tuesday Blitz May 10 Late 2022"]
[White "Villiers, Thomas"]
[Black "Sargsyan, Anna M."]
[WhiteFideId "427209"]
[BlackFideId "13308130"]
[WhiteElo "2164"]
[BlackElo "2271"]
[Result "0-1"]
[Round "08"]
[TimeControl "180+1"]
[Date "2022.05.11"]
[WhiteClock "0:01:01"]
[BlackClock "0:00:57"]

1. e4 c6 2. Nc3 d5 3. Nf3 Bg4 4. h3 Bxf3 5. Qxf3 Nf6 6. d3 e6 7. Be2 Bb4 8. O-O O-O 9. e5 Nfd7 10. Qg4 Bxc3 11. bxc3 Nxe5 12. Qg3 Ng6 13. Rb1 b6 14. c4 Nd7 15. cxd5 cxd5 16. Ba3 Re8 17. c4 Rc8 18. cxd5 exd5 19. Bf3 Nde5 20. Bh5 Qf6 21. Rbc1 Nf4 22. Rxc8 Rxc8 23. d4 Nc4 24. Bg4 h5 25. Bc1 hxg4 26. Bxf4 gxh3 27. Qxh3 Re8 28. Bg3 Qxd4 29. Qd7 Re6 30. Qxa7 Nd2 31. Rc1 Ne4 32. Rc8+ Kh7 33. Qxf7 Qd1+ 34. Kh2 Rh6+ 0-1


[Site "https://www.chess.com"]

[Event "Titled Tuesday Blitz May 10 Late 2022"]
[White "Vlassov, Nikolai"]
[Black "Kim, Sergey"]
[WhiteFideId "4103360"]
[BlackFideId "13700570"]
[WhiteElo "2407"]
[BlackElo "2475"]
[Result "1-0"]
[Round "08"]
[TimeControl "180+1"]
[Date "2022.05.11"]
[WhiteClock "0:02:04"]
[BlackClock "0:01:54"]

1. e4 e5 2. Bc4 Nf6 3. Nc3 Bc5 4. f4 d6 5. Nf3 Nc6 6. f5 a6 7. d3 Nd4 8. Bg5 c6 9. Nxd4 Bxd4 10. Qd2 Bd7 11. O-O-O Qe7 12. Ne2 Ba7 13. Ng3 h6 14. Bh4 Nxe4 15. Nxe4 Qxh4 16. Nxd6+ Kf8 17. Nxf7 Rh7 18. Nxe5 Be8 19. Ng6+ 1-0


[Site "https://www.chess.com"]